 Dungeon Crawl Stone Soup version 0.32-a0-986-ga09f62fbf4 (webtiles) character file.

Game seed: 11620573234491587342

22557 mitch45678 the Basher (level 12, -8/106 HPs)
             Began as a Mountain Dwarf Enchanter on Apr 21, 2024.
             Was a High Priest of Okawaru.
             Mangled by Louise
             ... wielding a +4 demon trident of flaming
              (15 damage)
             ... on level 14 of the Dungeon on Apr 22, 2024.
             The game lasted 01:57:24 (13068 turns).

mitch45678 the Basher (Mountain Dwarf Enchanter)   Turns: 13068, Time: 01:57:25

Health: -8/106     AC: 13    Str: 21    XL:     12   Next: 64%
Magic:  0/19       EV: 16    Int: 17    God:    Okawaru [*****.]
Gold:   580        SH:  7    Dex: 18    Spells: 12/14 levels left

rFire   + . .        a - +10 whip "Worebly" {pain, *Slow rF+ Will+ Dex+2}
rCold   . . .        L - +0 buckler
rNeg    + . .        O - +0 acid dragon scales
rPois   +            H - +0 helmet
rElec   .            (no cloak)
rCorr   +            V - +0 pair of gloves
SInv    .            g - +0 pair of boots
Will    +++..        j - amulet of guardian spirit
Stlth   +++          P - ring "Zaequgholyd" {rPois rN+ Dex+6}
HPRegen 0.37/turn    S - +6 ring of strength
MPRegen 0.16/turn

%: slow self (1%), guardian spirit
@: about to teleport, heroic, marked, enlightened, flying, hasted, invisible,
very quick
A: runic magic, artefact enchanting
a: Renounce Religion, Heroism, Finesse, Duel


You were on level 14 of the Dungeon.
You worshipped Okawaru.
Okawaru was extremely pleased with you.
You visited 2 branches of the dungeon, and saw 15 of its levels.

You collected 796 gold pieces.
You spent 216 gold pieces at shops.


Innate Abilities, Weirdness & Mutations

Your spellcasting is much less encumbered by armour.
You can use scrolls of enchantment on lesser artefacts.


   Skills:
 - Level 10.0(15.0) Fighting
 - Level 0.7(5.7) Short Blades
 - Level 10.1(17.5) Axes
 - Level 12.0(18.4) Maces & Flails
 - Level 3.0(8.0) Throwing
 - Level 7.0(12.0) Armour
 - Level 5.0(10.0) Dodging
 - Level 2.1(7.1) Stealth
 + Level 6.3(11.3) Shields
 - Level 1.7 Spellcasting
 - Level 3.0 Hexes
 - Level 3.0 Necromancy
 - Level 10.0 Invocations
 - Level 3.0 Evocations


You had 12 spell levels left.
You knew the following spells:

 Your Spells              Type           Power      Damage    Failure   Level
a - Ensorcelled Hibernat  Hex/Ice        12%        N/A       19%         2

Your spell library contained the following spells:

 Spells                   Type           Power      Damage    Failure   Level
 Slow                     Hex            44%        N/A       7%          1
 Confusing Touch          Hex            11%        N/A       21%         3
 Fugue of the Fallen      Necr           11%        N/A       21%         3
 Vampiric Draining        Necr           11%        2d6       21%         3
 Cigotuvi's Dreadful Rot  Necr/Alch/Air  8%         N/A       24%         2
 Mercury Vapours          Alch/Air       2%         N/A       34%         2
 Static Discharge         Conj/Air       2%         3-4/arc   34%         2
 Dazzling Flash           Conj/Hex       12%        N/A       36%         3
 Hailstorm                Conj/Ice       1%         3d5       56%         3
 Mephitic Cloud           Conj/Alch/Air  1%         N/A       56%         3
 Ozocubu's Armour         Ice            1%         N/A       56%         3
 Volatile Blastmotes      Fire/Tloc      2%         2d10      56%         3
 Anguish                  Hex/Necr       5%         N/A       56%         4
 Cause Fear               Hex            5%         N/A       56%         4
 Dispel Undead            Necr           11%        3d9       56%         4
 Airstrike                Air            0%         2d(1-17)  93%         4
 Fulminant Prism          Conj/Alch      0%         3d5       93%         4
 Iskenderun's Mystic Bla Conj/Tloc 1%             2d3        (+2d1     93%         4
 Passage of Golubria      Tloc           1%         N/A       93%         4
 Yara's Violent Unravell  Hex/Alch       3%         3d4       98%         5
 Fireball                 Conj/Fire      0%         3d3       100%        5
 Freezing Cloud           Conj/Ice/Air   0%         6-21      100%        5
 Permafrost Eruption      Ice/Erth       0%         2x4d1     100%        6
 Manifold Assault         Tloc           0%         N/A       100%        7
 Tukima's Dance           Hex            Unusable   N/A       N/A         3
 Summon Ice Beast         Ice/Summ       Unusable   N/A       N/A         3
 Martyr's Knell           Necr/Summ      Unusable   N/A       N/A         4
 Summon Lightning Spire   Summ/Air       Unusable   N/A       N/A         4
 Sculpt Simulacrum        Ice/Alch       Unusable   N/A       N/A         6
 Dragon's Call            Summ           Unusable   N/A       N/A         9

Inventory:

Hand Weapons
 a - the +10 whip "Worebly" (weapon) {pain, *Slow rF+ Will+ Dex+2}
   (You found it on level 4 of the Dungeon)

   Dex+2:     It affects your dexterity (+2).
   rF+:       It protects you from fire.
   Will+:     It increases your willpower.
   *Slow:     It may slow you when you take damage.
 b - a +2 flail of venom
   (You took it off a molten gargoyle on level 11 of the Dungeon)
 c - a +0 war axe
   (You found it on level 6 of the Dungeon)
 d - a +0 broad axe
   (You found it on level 7 of the Dungeon)
 t - a +1 dagger
Missiles
 h - 40 stones
 i - 4 curare-tipped darts
 k - 5 atropa-tipped darts
 w - a silver javelin
 A - 12 poisoned darts
 K - 15 javelins
 R - 3 boomerangs (quivered)
 W - a throwing net
Armour
 g - a +0 pair of boots (worn)
   (You found it on level 1 of the Dungeon)
 H - a +0 helmet (worn)
   (You found it on level 6 of the Dungeon)
 L - a +0 buckler (worn)
   (You found it on level 8 of the Dungeon)
 M - a +0 plate armour
   (You took it off an orc warrior on level 8 of the Dungeon)
 O - +0 acid dragon scales (worn)
   (You took it off Maggie on level 7 of the Dungeon)
 V - a +0 pair of gloves (worn)
   (You found it on level 10 of the Dungeon)
Magical Staves
 E - a staff of air {wands rings potions shop D3}
   (You found it on level 1 of the Dungeon)
 F - a staff of fire
   (You found it on level 6 of the Dungeon)
Jewellery
 j - an amulet of guardian spirit (around neck)
   (You found it on level 5 of the Dungeon)
 C - a ring of protection from cold
   (You found it on level 1 of the Dungeon)
 I - a ring of see invisible
   (You found it on level 8 of the Dungeon)
 N - a ring of positive energy
   (You found it on level 4 of the Dungeon)
 P - the ring "Zaequgholyd" (left hand) {rPois rN+ Dex+6}
   (You found it on level 7 of the Dungeon)

   [ring of dexterity]

   Dex+6:     It affects your dexterity (+6).
   rPois:     It protects you from poison.
   rN+:       It protects you from negative energy.
 S - a +6 ring of strength (right hand)
   (You found it on level 5 of the Dungeon)
Wands
 v - a wand of acid (4)
   (You found it on level 8 of the Dungeon)
Scrolls
 e - 2 scrolls of fog {unknown}
 f - 4 scrolls of fear {unknown}
 q - a scroll of silence {unknown}
 r - 2 scrolls of amnesia {unknown}
 s - 3 scrolls of teleportation
 y - 4 scrolls of poison
 B - 2 scrolls of blinking
 D - 2 scrolls of noise {unknown}
 T - a scroll of enchant armour {unknown}
 U - a scroll of torment {unknown}
Potions
 m - 2 potions of might
 o - 3 potions of heal wounds
 p - a potion of haste
 x - a potion of attraction {!q}
 z - 7 potions of curing
 G - 2 potions of ambrosia
 J - 3 potions of mutation {!q}
 Q - 2 potions of berserk rage

Dungeon Overview and Level Annotations

Branches:
Dungeon (14/15)            Temple (1/1) D:4            Lair (0/5) D:11
    Orc (0/2) D:11         Vaults (0/5) D:13

Altars:
Ashenzari
Cheibriados
Dithmenos
Elyvilon
Fedhas
Gozag
Hepliaklqana
Kikubaaqudgha
Makhleb
Nemelex Xobeh
Okawaru
Qazlal
Ru
Sif Muna
Trog
Uskayaw
Vehumet
Wu Jian
Xom
Yredelemnul
Zin
The Shining One

Shops:
D:3 *   D:5 ?   D:8 !   D:13 :

Portals:
Trove: D:10 (give +8 demon whip)

Annotations:
D:2 Sigmund
D:6 2 transporters, Jeremiah
D:7 exclusion: downstairs
D:8 exclusion: orc, Psyche
D:11 exclusion: obsidian statue
D:12 exclusion: downstairs
D:13 exclusion: downstairs
D:14 Louise


Message History

You die...

You could see Louise (unable to see you, extremely poisoned), 2 centaur warriors, a deep elf pyromancer (unable to see you) and a vampire mosquito (unable to see you).

Vanquished Creatures
  Josephine (D:13)
  3 centaur warriors
  Erolcha (D:13)
  2 boulder beetles
  2 two-headed ogres
  A skeletal warrior (D:13)
  A lindwurm (D:13)
  Pikel (D:6)
  A phantasmal warrior (D:13)
  2 manticores
  4 cyclopes
  An ugly thing (D:11)
  4 molten gargoyles (D:11)
  Joseph (D:9)
  Maggie (D:7)
  An unseen horror (D:12)
  A gargoyle (D:13)
  A kobold demonologist (D:13)
  3 komodo dragons
  3 freezing wraiths
  An efreet (D:13)
  2 trolls
  3 slime creatures (D:13)
  2 shadows
  6 yaks (D:11)
  A wyvern (D:11)
  8 wraiths
  2 hogs
  A steam dragon (D:9)
  Grum (D:8)
  3 vampire mosquitoes (D:12)
  An acid dragon (D:10)
  2 water moccasins
  2 ice beasts
  5 orc warriors
  A sky beast (D:8)
  2 black bears
  3 centaurs
  3 lemures
  2 wolves
  A phantom (D:4)
  A kobold brigand (D:9)
  A bullfrog (D:6)
  A gnoll sergeant (D:11)
  2 scorpions (D:5)
  3 wights (D:7)
  9 killer bees
  2 bombardier beetles
  5 howler monkeys
  2 hounds
  10 orc priests
  A jelly (D:5)
  2 sleepcaps
  15 orc wizards
  Natasha (twice) (D:3)
  2 iguanas
  8 gnolls
  7 adders
  A river rat (D:5)
  A white imp (D:5)
  2 ufetubi (D:5)
  2 dart slugs
  3 ribbon worms
  23 orcs
  4 bats
  8 endoplasms
  4 giant cockroaches
  4 hobgoblins
  3 quokkas
  5 ball pythons
  3 frilled lizards (D:1)
  5 goblins
  11 kobolds
  7 rats
246 creatures vanquished.

Notes
Turn   | Place    | Note
-------+----------+-------------------------------------------
     0 | D:1      | mitch45678 the Mountain Dwarf Enchanter began the quest for
                  | the Orb.
     0 | D:1      | Reached XP level 1. HP: 14/14 MP: 3/3
    47 | D:1      | HP: 3/14 [endoplasm (3)]
    58 | D:1      | HP: 3/14 [endoplasm (1)]
    73 | D:1      | Reached skill level 1 in Axes
   141 | D:1      | Reached skill level 2 in Axes
   147 | D:1      | Reached XP level 2. HP: 18/20 MP: 4/4
   150 | D:1      | Learned a level 2 spell: Ensorcelled Hibernation
   595 | D:1      | Reached skill level 3 in Axes
   983 | D:2      | Reached skill level 1 in Fighting
   983 | D:2      | Reached XP level 3. HP: 28/28 MP: 2/5
  1026 | D:2      | Noticed Sigmund
  1731 | D:2      | Reached skill level 4 in Axes
  1834 | D:3      | Found Zetteav's Assorted Antiques.
  1876 | D:3      | Found an ornate altar of the Wu Jian Council.
  1962 | D:3      | HP: 7/28 [constriction (1)]
  1963 | D:3      | HP: 3/28 [poisoned by an adder]
  1964 | D:3      | HP: 1/28 [poisoned by an adder]
  1971 | D:3      | Reached XP level 4. HP: 4/35 MP: 3/6
  2186 | D:3      | Reached skill level 1 in Maces & Flails
  2275 | D:3      | Reached skill level 2 in Maces & Flails
  2294 | D:3      | Reached skill level 3 in Maces & Flails
  2294 | D:3      | Reached XP level 5. HP: 31/40 MP: 2/7
  2461 | D:3      | Noticed Natasha
  2489 | D:3      | Killed Natasha
  2590 | D:3      | Noticed Natasha
  2605 | D:3      | Killed Natasha
  2606 | D:3      | Reached skill level 4 in Maces & Flails
  2830 | D:4      | Identified the +10 whip "Worebly" {pain, *Slow rF+ Will+
                  | Dex+2}
  2874 | D:4      | Noticed a phantom
  2883 | D:4      | Killed a phantom
  2884 | D:4      | Reached skill level 2 in Necromancy
  2884 | D:4      | Reached XP level 6. HP: 43/47 MP: 8/8
  2950 | D:4      | Reached skill level 3 in Necromancy
  2988 | D:4      | Reached skill level 2 in Fighting
  3006 | D:4      | Found a shimmering blue altar of Sif Muna.
  3023 | D:4      | Found a staircase to the Ecumenical Temple.
  3054 | Temple   | Entered the Ecumenical Temple
  3204 | D:4      | Reached skill level 5 in Maces & Flails
  3581 | D:5      | Entered Level 5 of the Dungeon
  3680 | D:5      | Found Kitufap's Magic Scroll Shop.
  3694 | D:5      | Reached skill level 1 in Throwing
  3729 | D:4      | Reached skill level 6 in Maces & Flails
  3729 | D:4      | Reached XP level 7. HP: 41/55 MP: 9/9
  3820 | D:5      | Found a sparkling altar of Nemelex Xobeh.
  3839 | D:5      | Reached skill level 7 in Maces & Flails
  3970 | D:5      | Found a hide-covered altar of Uskayaw.
  4317 | D:5      | Found a basalt altar of Yredelemnul.
  4344 | D:5      | Bought a scroll of blinking for 90 gold pieces
  4502 | D:5      | Reached skill level 8 in Maces & Flails
  4609 | D:5      | Found a blossoming altar of Fedhas.
  4704 | D:6      | Found a transporter.
  4710 | D:6      | Noticed a kobold demonologist
  4724 | D:6      | Found a transporter.
  4802 | D:6      | Noticed Pikel
  4850 | D:6      | Noticed Jeremiah
  4944 | D:6      | Reached skill level 3 in Fighting
  4975 | D:6      | Reached XP level 8. HP: 59/63 MP: 10/10
  5107 | D:6      | Reached skill level 9 in Maces & Flails
  5283 | D:6      | Found a broken altar of Ashenzari.
  5449 | D:6      | Killed Pikel
  5450 | D:6      | Reached skill level 11 in Maces & Flails
  5697 | D:7      | Identified the ring "Zaequgholyd" {rPois rN+ Dex+6}
  5720 | D:7      | Found a white marble altar of Elyvilon.
  5867 | D:7      | Found a shadowy altar of Dithmenos.
  5892 | D:7      | Noticed Maggie
  5944 | D:7      | Found an iron altar of Okawaru.
  5953 | D:7      | Became a worshipper of Warmaster Okawaru
  6005 | D:7      | Reached skill level 4 in Fighting
  6099 | D:7      | Reached XP level 9. HP: 66/72 MP: 9/11
  6116 | D:7      | Reached skill level 5 in Fighting
  6470 | D:7      | Reached skill level 2 in Throwing
  6537 | D:8      | Noticed Grum
  6549 | D:8      | Reached * piety under Okawaru
  6550 | D:8      | Reached skill level 1 in Shields
  6610 | D:8      | Noticed a two-headed ogre
  6687 | D:7      | Killed Maggie
  6688 | D:7      | Reached skill level 3 in Shields
  6763 | D:8      | Reached skill level 3 in Throwing
  6831 | D:8      | Noticed Psyche
  6871 | D:8      | Killed Grum
  6871 | D:8      | Reached ** piety under Okawaru
  6872 | D:8      | Reached skill level 4 in Shields
  6872 | D:8      | Reached skill level 1 in Invocations
  6878 | D:8      | Reached skill level 1 in Armour
  6878 | D:8      | Reached skill level 2 in Invocations
  6879 | D:8      | Found Faenoosch's Distillery.
  6882 | D:8      | Identified the +2 leather armour of Cuchof {Rampage *Slow
                  | Int+8}
  6895 | D:8      | Bought a potion of might for 56 gold pieces
  6895 | D:8      | Bought a potion of heal wounds for 70 gold pieces
  7140 | D:8      | Found a hazy altar of Hepliaklqana.
  7379 | D:9      | Reached skill level 3 in Invocations
  7520 | D:9      | Reached skill level 1 in Evocations
  7525 | D:9      | Reached skill level 2 in Armour
  7531 | D:9      | Reached skill level 4 in Invocations
  7634 | D:9      | Found a sacrificial altar of Ru.
  7634 | D:9      | Found a shimmering altar of Xom.
  7634 | D:9      | Noticed Joseph
  7665 | D:9      | Killed Joseph
  7666 | D:9      | Reached skill level 5 in Invocations
  7666 | D:9      | Reached skill level 2 in Evocations
  7666 | D:9      | Reached XP level 10. HP: 61/81 MP: 9/13
  7674 | D:9      | Found a snail-covered altar of Cheibriados.
  7696 | D:9      | Reached skill level 5 in Shields
  7731 | D:9      | Noticed a two-headed ogre
  7771 | D:9      | Reached *** piety under Okawaru
  7772 | D:9      | Reached skill level 3 in Armour
  8038 | D:9      | Noticed a manticore
  8053 | D:9      | Killed a manticore
  8054 | D:9      | Reached skill level 4 in Armour
  8054 | D:9      | Reached skill level 6 in Invocations
  8054 | D:9      | Reached skill level 3 in Evocations
  8175 | D:10     | Entered Level 10 of the Dungeon
  8327 | D:10     | Reached skill level 5 in Armour
  8331 | D:10     | Reached skill level 2 in Dodging
  8572 | D:10     | Found a portal to a secret trove of treasure.
  8691 | D:10     | Reached skill level 7 in Invocations
  8764 | D:11     | Found a staircase to the Lair.
  8809 | D:11     | Noticed a two-headed ogre
  8831 | D:11     | Killed a two-headed ogre
  8831 | D:11     | Reached **** piety under Okawaru
  8832 | D:11     | Reached skill level 6 in Fighting
  8832 | D:11     | Reached skill level 8 in Invocations
  8832 | D:11     | Reached skill level 12 in Maces & Flails
  8836 | D:11     | Noticed a cyclops
  8861 | D:11     | Killed a cyclops
  8862 | D:11     | Reached skill level 7 in Fighting
  8977 | D:11     | Noticed a cyan ugly thing
  9058 | D:11     | Found a staircase to the Orcish Mines.
  9098 | D:11     | HP: 13/86 [cyan ugly thing (11)]
  9101 | D:11     | Killed a cyan ugly thing
  9330 | D:11     | Reached XP level 11. HP: 89/94 MP: 15/17
  9553 | D:11     | Reached skill level 8 in Fighting
  9631 | D:11     | Noticed an obsidian statue
  9669 | D:11     | Reached skill level 9 in Fighting
  9806 | D:11     | Reached skill level 3 in Dodging
 10203 | D:12     | Reached ***** piety under Okawaru
 10204 | D:12     | Reached skill level 4 in Dodging
 10277 | D:12     | Noticed a boulder beetle
 10303 | D:12     | Noticed a two-headed ogre
 10537 | D:11     | Killed a boulder beetle
 10538 | D:11     | Reached skill level 9 in Invocations
 10665 | D:12     | Killed a two-headed ogre
 10666 | D:12     | Reached skill level 10 in Fighting
 10894 | D:12     | Found the +5 robe of Misfortune {Harm *Corrode *Slow EV+5}
 10978 | D:12     | Reached skill level 5 in Dodging
 11110 | D:13     | Noticed a skeletal warrior
 11145 | D:13     | Received a gift from Okawaru
 11153 | D:13     | Noticed a death knight
 11212 | D:13     | Noticed a centaur warrior
 11238 | D:13     | Found Zufob's Book Emporium.
 11283 | D:13     | Killed a centaur warrior
 11284 | D:13     | Reached skill level 6 in Armour
 11284 | D:13     | Reached skill level 6 in Shields
 11297 | D:13     | Noticed a centaur warrior
 11315 | D:13     | Reached XP level 12. HP: 72/106 MP: 15/18
 11331 | D:13     | Killed a centaur warrior
 11333 | D:13     | Noticed Erolcha
 11346 | D:13     | Killed Erolcha
 11443 | D:13     | Reached skill level 7 in Armour
 11615 | D:13     | Reached skill level 10 in Invocations
 11746 | D:13     | Reached skill level 5 in Axes
 11788 | D:13     | Found a gate to the Vaults.
 11859 | D:14     | Noticed Josephine
 11890 | D:13     | Killed Josephine
 11891 | D:13     | Reached skill level 6 in Axes
 11913 | D:14     | Received a gift from Okawaru
 11943 | D:13     | Reached skill level 7 in Axes
 11966 | D:14     | Noticed a centaur warrior
 12196 | D:13     | Reached skill level 8 in Axes
 12679 | D:14     | Killed a centaur warrior
 12680 | D:14     | Reached skill level 9 in Axes
 12727 | D:14     | Noticed a boulder beetle
 12745 | D:14     | Killed a boulder beetle
 12793 | D:14     | Reached skill level 10 in Axes
 13036 | D:14     | Noticed Louise
 13037 | D:14     | great
 13052 | D:14     | HP: 25/106 [Louise/+4 demon trident of flaming (3)]
 13059 | D:14     | Noticed a centaur warrior
 13063 | D:14     | HP: 20/106 [centaur warrior/arrow (9)]
 13066 | D:14     | Noticed a centaur warrior
 13068 | D:14     | HP: 7/106 [centaur warrior/arrow (13)]
 13068 | D:14     | Mangled by Louise

Levels and vault maps discovered:
D:1:      minmay_arrival_glassed_features, layout_rooms, chequers_jeans,
          minmay_pentomino_o2
D:2:      layout_loops_ring, st_stairs_7, dreamdust_princess_bridge,
          minmay_misc_feat_secret_circle, nrook_campfire, uniq_sigmund
D:3:      layout_basic, pdpol_wu_jian_five_deadly_venoms, serial_shops, shop,
          uniq_natasha
D:4:      layout_cave_pods, mainiacjoe_overflow_chevrons,
          minmay_temple_entry_large_hall
D:5:      layout_loops_corners, mainiacjoe_overflow_surrounded_room,
          mainiacjoe_overflow_24_doors, nicolae_overflow_hidden_temple,
          kennysheep_mini, serial_shops, shop, portal_sewer_entry_c
D:6:      gammafunk_wand_slinger, layout_loops_cross, evilmike_ruin_ashenzari,
          amcnicky_mini_pool_small, kennysheep_minor_cross, uniq_jeremiah,
          uniq_pikel
D:7:      layout_loops_ring, mainiacjoe_overflow_boulevard, pf_just_have_faith,
          mainiacjoe_overflow_cross_hatched, uniq_maggie
D:8:      layout_basic, nzn_hepliaklqana_mist_gate, serial_shops,
          shop_fountains, uniq_psyche, uniq_grum
D:9:      layout_loops_ring, chequers_temple_overflow_statue_of_worship,
          uniq_joseph
D:10:     layout_long_grid, nicolae_trove_entry_diagonal
D:11:     layout_stronghold, david_lair_shrubbed, orc_0_dummy, minivault_8
D:12:     layout_cave_pools
D:13:     layout_small_grid, david_vaults_4, serial_shops, shop, uniq_erolcha
D:14:     layout_irregular_city, minmay_circle_x, uniq_kirke, uniq_josephine,
          uniq_louise
Temple:   hellmonk_temple_of_storms

Action                     |  1- 3 |  4- 6 |  7- 9 | 10-12 || total
---------------------------+-------+-------+-------+-------++-------
  Melee: Dagger            |    79 |    28 |     1 |       ||   108
         Hand axe          |    63 |       |       |       ||    63
         Flail             |    18 |    41 |       |    37 ||    96
         Whip              |       |    55 |   255 |   588 ||   898
         Broad axe         |       |       |       |     8 ||     8
  Throw: Stone             |     4 |       |     3 |     1 ||     8
         Javelin           |       |     9 |     6 |    16 ||    31
         Dart              |       |     6 |    16 |    24 ||    46
         Boomerang         |       |       |       |    40 ||    40
   Cast: Ensorcelled Hiber |    16 |     4 |     2 |       ||    22
 Invoke: Heroism           |       |       |       |    11 ||    11
  Evoke: Wand              |       |       |       |     1 ||     1
    Use: Potion            |     4 |       |       |     7 ||    11
         Scroll            |       |     5 |     3 |     5 ||    13
   Stab: Invisible         |     2 |       |       |     4 ||     6
         Sleeping          |    12 |     3 |     3 |       ||    18
 Armour: Robe              |    45 |       |       |       ||    45
         Leather armour    |   111 |    80 |   113 |       ||   304
         Scale mail        |     4 |       |       |       ||     4
         Skin              |    13 |     5 |       |       ||    18
         Acid dragon scale |       |       |    20 |   311 ||   331
  Dodge: Dodged            |    94 |    77 |    85 |   161 ||   417
  Block: Buckler           |       |       |    10 |   104 ||   114
